Map: Paladino Terminal LE

Players

BIGFLLA - Winner!

  • Race: Protoss Protoss
  • League: Silver
  • Spawn Location: 9:00

Caradoc

  • Race: Terran Terran
  • League: Silver
  • Spawn Location: 5:00

VOD

Have the link to the VOD?

Description

Time

  • Played on: March 21, 2017, 4:18 a.m.
  • Length: 11:49
Show
View Real Time Build Order
Export as new Build Order

BIGFLLA Protoss - Winner!

Build Orders: 1 Gate Expand 

Get SALT Encoding   

  12  0:01  Probe (Chrono Boost)  
  13  0:13  Pylon  
  13  0:18  Probe (Chrono Boost)  
  14  0:33  Gateway  
  14  0:35  Probe (Chrono Boost)  
  15  0:47  Probe (Chrono Boost)  
  16  0:57  Probe (Chrono Boost)  
  16  0:59  Assimilator  
  17  1:08  Probe (Chrono Boost)  
  18  1:22  Probe (Chrono Boost)  
  19  1:30  Nexus  
  19  1:37  Probe (Chrono Boost)  
  20  1:44  Pylon  
  20  1:48  Cybernetics Core  
  20  1:50  Probe (Chrono Boost)  
  21  1:56  Assimilator  
  21  2:06  Probe (Chrono Boost)  
  22  2:14  Warp Gate  
  22  2:20  Probe (Chrono Boost)  
  23  2:26  Pylon  
  23  2:30  Robotics Facility  
  23  2:37  Stalker  
  25  2:46  Probe x2 (Chrono Boost)  
  27  2:57  Probe (Chrono Boost)  
  27  2:58  Probe (Chrono Boost)  
  29  3:07  Probe (Chrono Boost)  
  29  3:10  Probe (Chrono Boost)  
  29  3:12  Stalker  
  33  3:18  Observer  
  33  3:19  Probe (Chrono Boost)  
  34  3:22  Probe (Chrono Boost)  
  36  3:31  Pylon  
  36  3:34  Assimilator  
  36  3:37  Observer, Probe x2 (Chrono Boost)  
  39  3:44  Stalker  
  43  3:49  Probe x2 (Chrono Boost)  
  43  3:55  Observer  
  43  4:01  Probe x2 (Chrono Boost)  
  46  4:13  Probe x2 (Chrono Boost)  
  46  4:14  Pylon  
  46  4:15  Assimilator  
  46  4:16  Stalker, Immortal  
  56  4:25  Probe x2 (Chrono Boost)  
  56  4:35  Gateway  
  56  4:37  Probe x2 (Chrono Boost)  
  58  4:40  Gateway  
  58  4:46  Stalker  
  58  4:49  Probe x2 (Chrono Boost)  
  62  4:58  Immortal  
  62  5:02  Probe (Chrono Boost)  
  62  5:03  Probe (Chrono Boost)  
  68  5:16  Stalker  
  68  5:18  Robotics Bay  
  70  5:23  Robotics Facility  
  70  5:30  Pylon  
  70  5:33  Pylon  
  70  5:41  Forge  
  70  5:46  Forge  
  69  5:52  Pylon  
  69  5:54  Pylon  
  69  6:04  Protoss Ground Weapons Level 1  
  69  6:05  Protoss Ground Armor Level 1, Nexus  
  69  6:08  Assimilator  
  69  6:09  Assimilator  
  69  6:10  Pylon  
  69  6:11  Colossus  
  75  6:32  Colossus  
  81  6:37  Extended Thermal Lance  
  81  6:46  Sentry x2  
  87  6:47  Sentry  
  88  7:03  Probe x2 (Chrono Boost)  
  88  7:08  Photon Cannon  
  89  7:10  Photon Cannon  
  90  7:17  Probe x3 (Chrono Boost)  
  90  7:22  Colossus  
  92  7:28  Zealot, Probe (Chrono Boost)  
  92  7:29  Zealot x2, Probe x2 (Chrono Boost)  
  107  7:39  Probe (Chrono Boost)  
  107  7:41  Probe x2 (Chrono Boost)  
  110  7:55  Twilight Council, Stalker  
  110  7:56  Stalker x2  
  116  8:00  Observer  
  116  8:04  Protoss Shields Level 1  
  117  8:17  Observer  
  118  8:22  Observer  
  119  8:28  Observer Gravitic Boosters  
  119  8:32  Stalker x3  
  125  8:49  Pylon  
  125  8:52  Pylon  
  125  8:54  Pylon  
  125  8:57  Pylon  
  125  9:07  Immortal x2  
  133  9:12  Nexus  
  133  9:15  Assimilator  
  133  9:17  Stalker x2  
  133  9:19  Stalker  
  133  9:20  Assimilator  
  139  9:46  Immortal x2  
  147  9:58  Stalker x3  
  153  10:14  Pylon  
  153  10:18  Pylon  
  153  10:28  Stalker x3  
  153  10:34  Probe (Chrono Boost)  
  153  10:35  Probe (Chrono Boost)  
  163  10:36  Probe x2 (Chrono Boost)  
  163  10:38  Immortal  
  167  10:46  Immortal  
  171  10:58  Stalker x3  
Show
View Real Time Build Order
Export as new Build Order

Caradoc Terran 

Build Orders:  

Get SALT Encoding   

  12  0:02  SCV  
  13  0:17  SCV  
  14  0:34  SCV  
  15  0:40  Refinery  
  15  0:47  Supply Depot  
  15  1:08  SCV  
  16  1:19  Barracks  
  16  1:21  SCV  
  17  1:36  SCV  
  18  1:49  SCV  
  19  2:01  Refinery  
  19  2:05  SCV  
  20  2:20  Marine  
  21  2:27  Supply Depot  
  21  2:29  Command Center  
  21  2:45  SCV  
  21  2:46  Marine  
  23  3:09  SCV  
  24  3:26  SCV  
  25  3:27  Marine  
  26  3:44  Factory  
  26  3:46  SCV  
  27  3:48  Marine  
  28  3:58  SCV  
  29  4:06  Marine  
  30  4:10  SCV  
  30  4:14  Barracks  
  31  4:27  Marine  
  31  4:30  SCV  
  33  4:42  SCV  
  34  4:54  Marine, SCV  
  36  5:02  Barracks  
  36  5:06  Starport  
  36  5:11  Marine  
  37  5:17  Factory Tech Lab  
  37  5:19  Marine  
  38  5:29  Marine  
  39  5:43  Orbital Command  
  39  5:46  Command Center  
  39  5:51  Supply Depot, Marine  
  40  5:59  Barracks Reactor  
  40  6:01  Barracks Tech Lab  
  40  6:06  Siege Tank  
  40  6:09  Starport Tech Lab  
  43  6:14  Supply Depot  
  43  6:20  Engineering Bay  
  43  6:24  SCV x2  
  45  6:36  SCV x2  
  47  6:51  Orbital Command  
  47  6:53  Engineering Bay  
  47  7:04  Refinery  
  47  7:20  Medivac  
  49  7:25  Siege Tank  
  52  7:32  Liberator  
  52  7:47  SCV x2  
  52  7:48  SCV  
  58  8:00  SCV x3  
  61  8:08  Siege Tank  
  61  8:12  SCV  
  65  8:32  Raven  
  67  8:35  SCV  
  68  8:47  SCV  
  69  8:59  SCV  
  70  9:11  SCV  
  70  9:15  Banshee  
  60  9:23  SCV  
  58  9:36  Marine  
  58  9:37  Marine  
  52  9:39  Marine x2  
  53  9:54  Marine x2  
  53  9:57  Marine  
  53  9:58  Medivac  
  59  10:57  SCV x2  
  59  11:00  Marine  
  59  11:01  Marine x3  
  56  11:09  SCV x2  
  56  11:11  Siege Tank  
  61  11:18  Marine  
  61  11:19  Marine  
Tags
 
Add a new tag
Caveats
  • Supply blocks, unpowered buildings, or Contaminate may cause inaccurate times.
  • Supply counts are checked every 10 seconds.